NYP
MAHONING VALLEY SCRAPPERS @ VERMONT LAKE MONSTERS
10/06/2049
 
TOP OF THE 1ST
Milwaukee (WIN) Brewers batting - Pitching for Tampa Bay (WIN) Rays : LHP Chris Ross
Pitching: LHP Chris Ross
Batting: RHB Hector Silva 0-0: Called Strike
0-1: Ball
1-1: Foul Ball, location: 2F
1-2: Foul Ball, location: 2F
1-2: Ball
2-2: Ball
3-2: Strikes out swinging
Batting: LHB Jason Raker 0-0: Ball
1-0: Ball
2-0: Swinging Strike
2-1: Ground out 4-3 (Groundball, 4, EV 86.2 MPH)
Batting: LHB Gabe Harvey 0-0: Ball
1-0: DOUBLE (Line Drive, 7LM, EV 106.2 MPH)
Batting: RHB Herb McIntyre 0-0: Called Strike
0-1: Swinging Strike
0-2: Strikes out looking
Top of the 1st over - 0 runs, 1 hit, 0 errors, 1 left on base; Milwaukee (WIN) 0 - Tampa Bay (WIN) 0
BOTTOM OF THE 1ST
Tampa Bay (WIN) Rays batting - Pitching for Milwaukee (WIN) Brewers : RHP Alberto Pickett
Pitching: RHP Alberto Pickett
Batting: LHB Mark Marvin 0-0: Ball
1-0: Fly out, F9 (Flyball, 9, EV 93.8 MPH)
Batting: RHB David Ward 0-0: Called Strike
0-1: Ball
1-1: Swinging Strike
1-2: Ball
2-2: Ball
3-2: Foul Ball, location: 2F
3-2: Base on Balls
Batting: RHB Alex Diaz 0-0: Foul Ball, location: 2F
0-1: Ball
1-1: Ball
2-1: Foul Ball, location: 2F
2-2: Foul Ball, location: 2F
2-2: 2-RUN HOME RUN (Flyball, 7D, EV 98.1 MPH), Distance : 381 ft
Batting: SHB Lou Kroneman 0-0: Ball
1-0: Ball
2-0: Ball
3-0: Base on Balls
Batting: RHB Kevin Benfield 0-0: Called Strike
0-1: Ball
1-1: Ball
2-1: Foul Ball, location: 2F
2-2: Ball
3-2: Foul Ball, location: 2F
3-2: Fly out, F7 (Flyball, 7, EV 89.4 MPH)
Batting: LHB Davion Lewis 0-0: Called Strike
0-1: Fly out, F8 (Line Drive, 8LD, EV 96.2 MPH)
Bottom of the 1st over - 2 runs, 1 hit, 0 errors, 1 left on base; Milwaukee (WIN) 0 - Tampa Bay (WIN) 2
TOP OF THE 2ND
Milwaukee (WIN) Brewers batting - Pitching for Tampa Bay (WIN) Rays : LHP Chris Ross
Batting: LHB Adam Hill 0-0: Ball
1-0: Called Strike
1-1: Fly out, F8 (Flyball, 8RS, EV 81.9 MPH)
Batting: RHB Mike Ball 0-0: Ball
1-0: Foul Ball, location: 2F
1-1: Foul Ball, location: 2F
1-2: Ball
2-2: Ball
3-2: Fly out, F7 (Line Drive, 7LM, EV 91.2 MPH)
Batting: LHB Alfredo de la Cruz 0-0: Ball
1-0: Ball
2-0: Swinging Strike
2-1: Foul Ball, location: 2F
2-2: Strikes out swinging
Top of the 2nd over - 0 runs, 0 hits, 0 errors, 0 left on base; Milwaukee (WIN) 0 - Tampa Bay (WIN) 2
BOTTOM OF THE 2ND
Tampa Bay (WIN) Rays batting - Pitching for Milwaukee (WIN) Brewers : RHP Alberto Pickett
Batting: RHB Sesto Carpini 0-0: Ball
1-0: Fly out, F9 (Line Drive, 89M, EV 101.2 MPH)
Batting: LHB Jake Rheaume 0-0: Ball
1-0: Called Strike
1-1: Reached on error, E5 (Groundball, 56, EV 90.0 MPH)
Batting: RHB Jonathan Fraire 0-0: Ball
1-0: Swinging Strike
1-1: Ball
2-1: Ball
3-1: SINGLE (Groundball, 34D, EV 101.2 MPH)
Jake Rheaume to second
Runner from 2nd tries for 3rd, SAFE, throw by RF made to third
Batting: LHB Mark Marvin 0-0: Called Strike
0-1: Foul Ball, location: 2F
0-2: Foul Ball, location: 2F
0-2: Ball
1-2: Ball
2-2: Foul Ball, location: 2F
2-2: Foul Ball, location: 2F
2-2: Ball
3-2: Fly out, F9 (Flyball, 89XD, EV 97.5 MPH)
Runner from 3rd tags up, SCORES, no throw by RF
Batting: RHB David Ward 0-0: Called Strike
Jonathan Fraire steals 2nd base (no throw)
0-1: Called Strike
0-2: Strikes out swinging
Bottom of the 2nd over - 1 run, 1 hit, 1 error, 1 left on base; Milwaukee (WIN) 0 - Tampa Bay (WIN) 3
TOP OF THE 3RD
Milwaukee (WIN) Brewers batting - Pitching for Tampa Bay (WIN) Rays : LHP Chris Ross
Batting: RHB Ben Taylor 0-0: Ball
1-0: Foul Ball, location: 2F
1-1: Ball
2-1: Ball
3-1: Foul Ball, location: 2F
3-2: Strikes out swinging
Batting: RHB Vinny Estrada 0-0: DOUBLE (Flyball, 7LD, EV 93.8 MPH)
Batting: RHB Hector Silva 0-0: Ball
1-0: Ball
2-0: Foul Ball, location: 2F
2-1: Called Strike
2-2: Ball
3-2: Strikes out looking
Batting: LHB Jason Raker 0-0: Ground out 4-3 (Groundball, 34D, EV 98.8 MPH)
Top of the 3rd over - 0 runs, 1 hit, 0 errors, 1 left on base; Milwaukee (WIN) 0 - Tampa Bay (WIN) 3
BOTTOM OF THE 3RD
Tampa Bay (WIN) Rays batting - Pitching for Milwaukee (WIN) Brewers : RHP Alberto Pickett
Batting: RHB Alex Diaz 0-0: Swinging Strike
0-1: Ball
1-1: Foul Ball, location: 2F
1-2: Ball
2-2: Ball
3-2: Strikes out looking
Batting: SHB Lou Kroneman 0-0: Ball
1-0: Foul Ball, location: 2F
1-1: Ball
2-1: Foul Ball, location: 2F
2-2: Foul Ball, location: 2F
2-2: Fly out, F6 (Popup, 6M, EV 60.0 MPH)
Batting: RHB Kevin Benfield 0-0: Ball
1-0: Ball
2-0: Ball
3-0: Base on Balls
Batting: LHB Davion Lewis 0-0: Ball
1-0: Swinging Strike
1-1: Fly out, F7 (Line Drive, 7S, EV 100.6 MPH)
Bottom of the 3rd over - 0 runs, 0 hits, 0 errors, 1 left on base; Milwaukee (WIN) 0 - Tampa Bay (WIN) 3
TOP OF THE 4TH
Milwaukee (WIN) Brewers batting - Pitching for Tampa Bay (WIN) Rays : LHP Chris Ross
Batting: LHB Gabe Harvey 0-0: Foul Ball, location: 2F
0-1: Fly out, F7 (Flyball, 78M, EV 86.9 MPH)
Batting: RHB Herb McIntyre 0-0: SINGLE (Groundball, 6MD, EV 104.4 MPH)
Batting: LHB Adam Hill 0-0: Called Strike
0-1: Called Strike
0-2: Foul Ball, location: 2F
0-2: Ball
1-2: Foul Ball, location: 2F
1-2: Strikes out swinging
Batting: RHB Mike Ball 0-0: Called Strike
0-1: Foul Ball, location: 2F
0-2: Foul Ball, location: 2F
0-2: Strikes out looking
Top of the 4th over - 0 runs, 1 hit, 0 errors, 1 left on base; Milwaukee (WIN) 0 - Tampa Bay (WIN) 3
BOTTOM OF THE 4TH
Tampa Bay (WIN) Rays batting - Pitching for Milwaukee (WIN) Brewers : RHP Alberto Pickett
Batting: RHB Sesto Carpini 0-0: Called Strike
0-1: Swinging Strike
0-2: Strikes out swinging
Batting: LHB Jake Rheaume 0-0: Ball
1-0: SINGLE (Flyball, 56D, EV 95.0 MPH)
Batting: RHB Jonathan Fraire 0-0: Ball
1-0: Swinging Strike
1-1: Ball
2-1: Called Strike
2-2: Foul Ball, location: 2F
2-2: Fly out, F8 (Flyball, 8LM, EV 77.5 MPH)
Batting: LHB Mark Marvin 0-0: Ball
1-0: SINGLE (Groundball, 6MD, EV 108.8 MPH)
Jake Rheaume to second
Runner from 2nd tries for 3rd, SAFE, throw by CF made at trailing runner, OUT! 8-4
Bottom of the 4th over - 0 runs, 2 hits, 0 errors, 1 left on base; Milwaukee (WIN) 0 - Tampa Bay (WIN) 3
TOP OF THE 5TH
Milwaukee (WIN) Brewers batting - Pitching for Tampa Bay (WIN) Rays : LHP Chris Ross
Batting: LHB Alfredo de la Cruz 0-0: Called Strike
0-1: Ball
1-1: Ball
2-1: Swinging Strike
2-2: Foul Ball, location: 2F
2-2: Strikes out swinging
Batting: RHB Ben Taylor 0-0: Ball
1-0: Foul Ball, location: 2F
1-1: Foul Ball, location: 2F
1-2: Strikes out swinging
Batting: RHB Vinny Estrada 0-0: Ball
1-0: Ball
2-0: Foul Ball, location: 2F
2-1: DOUBLE (Groundball, 5L, EV 93.8 MPH)
Batting: RHB Hector Silva 0-0: Ball
1-0: Foul Ball, location: 2F
1-1: Foul Ball, location: 2F
1-2: Ball
2-2: Strikes out swinging
Top of the 5th over - 0 runs, 1 hit, 0 errors, 1 left on base; Milwaukee (WIN) 0 - Tampa Bay (WIN) 3
BOTTOM OF THE 5TH
Tampa Bay (WIN) Rays batting - Pitching for Milwaukee (WIN) Brewers : RHP Alberto Pickett
Batting: RHB David Ward 0-0: Foul Ball, location: 2F
0-1: Called Strike
0-2: Ball
1-2: Strikes out swinging
Batting: RHB Alex Diaz 0-0: Foul Ball, location: 2F
0-1: Ball
1-1: Foul Ball, location: 2F
1-2: Foul Ball, location: 2F
1-2: Foul Ball, location: 2F
1-2: Ball
2-2: Ball
3-2: Ground out 4-3 (Groundball, 4, EV 108.1 MPH)
Batting: SHB Lou Kroneman 0-0: Swinging Strike
0-1: Swinging Strike
0-2: Ball
1-2: Foul Ball, location: 2F
1-2: Ball
2-2: Fly out, F7 (Flyball, 7, EV 86.2 MPH)
Bottom of the 5th over - 0 runs, 0 hits, 0 errors, 0 left on base; Milwaukee (WIN) 0 - Tampa Bay (WIN) 3
TOP OF THE 6TH
Milwaukee (WIN) Brewers batting - Pitching for Tampa Bay (WIN) Rays : LHP Chris Ross
Batting: LHB Jason Raker 0-0: Ball
1-0: Fly out, F8 (Line Drive, 8RM, EV 91.9 MPH)
Batting: LHB Gabe Harvey 0-0: Ball
1-0: Foul Ball, location: 2F
1-1: Foul Ball, location: 2F
1-2: Strikes out swinging
Batting: RHB Herb McIntyre 0-0: Called Strike
0-1: Ball
1-1: Swinging Strike
1-2: Strikes out swinging
Top of the 6th over - 0 runs, 0 hits, 0 errors, 0 left on base; Milwaukee (WIN) 0 - Tampa Bay (WIN) 3
BOTTOM OF THE 6TH
Tampa Bay (WIN) Rays batting - Pitching for Milwaukee (WIN) Brewers : RHP Alberto Pickett
Batting: RHB Kevin Benfield 0-0: Fly out, F8 (Line Drive, 8RD, EV 91.9 MPH)
Batting: LHB Davion Lewis 0-0: Ball
1-0: Fly out, F8 (Flyball, 8RM, EV 86.2 MPH)
Batting: RHB Sesto Carpini 0-0: Called Strike
0-1: Swinging Strike
0-2: Ball
1-2: Foul Ball, location: 2F
1-2: Strikes out swinging
Bottom of the 6th over - 0 runs, 0 hits, 0 errors, 0 left on base; Milwaukee (WIN) 0 - Tampa Bay (WIN) 3
TOP OF THE 7TH
Milwaukee (WIN) Brewers batting - Pitching for Tampa Bay (WIN) Rays : LHP Chris Ross
Batting: LHB Adam Hill 0-0: Ball
1-0: Foul Ball, location: 2F
1-1: Fly out, F9 (Flyball, 9, EV 73.8 MPH)
Batting: RHB Mike Ball 0-0: Fly out, F8 (Line Drive, 8RM, EV 105.0 MPH)
Batting: LHB Alfredo de la Cruz 0-0: Foul Ball, location: 2F
0-1: Foul Ball, location: 2F
0-2: Ball
1-2: Ground out 5-3 (Groundball, 56S, EV 66.9 MPH)
Top of the 7th over - 0 runs, 0 hits, 0 errors, 0 left on base; Milwaukee (WIN) 0 - Tampa Bay (WIN) 3
BOTTOM OF THE 7TH
Tampa Bay (WIN) Rays batting - Pitching for Milwaukee (WIN) Brewers : RHP Alberto Pickett
Pitching: RHP Alejandro Souto
Batting: LHB Jake Rheaume 0-0: Ground out 5-3 (Groundball, 56, EV 98.1 MPH)
Batting: RHB Jonathan Fraire 0-0: Foul Ball, location: 2F
0-1: Ball
1-1: Swinging Strike
1-2: Foul Ball, location: 2F
1-2: Strikes out swinging
Batting: LHB Mark Marvin 0-0: Foul Ball, location: 2F
0-1: Foul Ball, location: 2F
0-2: Ball
1-2: Strikes out swinging
Bottom of the 7th over - 0 runs, 0 hits, 0 errors, 0 left on base; Milwaukee (WIN) 0 - Tampa Bay (WIN) 3
TOP OF THE 8TH
Milwaukee (WIN) Brewers batting - Pitching for Tampa Bay (WIN) Rays : LHP Chris Ross
Batting: RHB Ben Taylor 0-0: Called Strike
0-1: Ball
1-1: Foul Ball, location: 2F
1-2: Strikes out looking
Batting: RHB Vinny Estrada 0-0: Ball
1-0: Ball
2-0: Ball
3-0: Base on Balls
Pitching: RHP Cody Wilharm
Batting: RHB Hector Silva 0-0: Foul Ball, location: 2F
0-1: Fly out, F9 (Flyball, 9, EV 81.9 MPH)
Batting: LHB Jason Raker 0-0: Ball
1-0: Called Strike
1-1: Foul Ball, location: 2F
1-2: SINGLE (Groundball, 34D, EV 96.9 MPH)
Vinny Estrada to second
Runner from 2nd tries for 3rd, SAFE, throw by RF made to third
Batting: LHB Gabe Harvey 0-0: Ball
1-0: Called Strike
1-1: Ball
2-1: Foul Ball, location: 2F
2-2: Ball
3-2: Foul Ball, location: 2F
3-2: Strikes out looking
Top of the 8th over - 0 runs, 1 hit, 0 errors, 2 left on base; Milwaukee (WIN) 0 - Tampa Bay (WIN) 3
BOTTOM OF THE 8TH
Tampa Bay (WIN) Rays batting - Pitching for Milwaukee (WIN) Brewers : RHP Alejandro Souto
Batting: RHB David Ward 0-0: Ball
1-0: Foul Ball, location: 2F
1-1: Ball
2-1: Called Strike
2-2: Ball
3-2: Base on Balls
Batting: RHB Alex Diaz 0-0: Ground out 6-3 (Groundball, 6S, EV 72.5 MPH)
David Ward to second
Batting: SHB Lou Kroneman 0-0: Intentional Walk
Batting: RHB Kevin Benfield 0-0: Called Strike
0-1: Ball
1-1: Foul Ball, location: 2F
1-2: Ball
2-2: Ball
3-2: Foul Ball, location: 2F
3-2: Strikes out looking
Batting: LHB Davion Lewis 0-0: Called Strike
0-1: Foul Ball, location: 2F
0-2: SINGLE (Groundball, 23, EV 76.2 MPH) (infield hit)
David Ward to third
Lou Kroneman to second
Batting: RHB Sesto Carpini 0-0: DOUBLE (Flyball, 89XD, EV 94.4 MPH)
David Ward scores
Lou Kroneman scores
Davion Lewis to third
Runner from 3rd tries for Home, SAFE, throw by RF to home
Pitching: LHP Chad Persaud
Batting: LHB Jake Rheaume 0-0: Called Strike
0-1: Ground out 6-3 (Groundball, 6, EV 81.9 MPH)
Bottom of the 8th over - 3 runs, 2 hits, 0 errors, 1 left on base; Milwaukee (WIN) 0 - Tampa Bay (WIN) 6
TOP OF THE 9TH
Milwaukee (WIN) Brewers batting - Pitching for Tampa Bay (WIN) Rays : RHP Cody Wilharm
Batting: RHB Herb McIntyre 0-0: Foul Ball, location: 2F
0-1: Foul Ball, location: 2F
0-2: Ball
1-2: Ball
2-2: Ground out 5-3 (Groundball, 5S, EV 62.5 MPH)
Batting: LHB Adam Hill 0-0: Called Strike
0-1: Foul Ball, location: 2F
0-2: Strikes out swinging
Batting: RHB Mike Ball 0-0: Foul Ball, location: 2F
0-1: Foul Ball, location: 2F
0-2: Foul Ball, location: 2F
0-2: Ball
1-2: Ball
2-2: Strikes out swinging
Top of the 9th over - 0 runs, 0 hits, 0 errors, 0 left on base; Milwaukee (WIN) 0 - Tampa Bay (WIN) 6
Sunday, July 16th , 2023 - OOTP Baseball 24.6 Build 69